Map: Echo LE (Void)

Players

Javert

  • Race: Zerg Zerg

lfighterCN - Winner!

  • Race: Zerg Zerg

VOD

Have the link to the VOD?

Description

Time

  • Played on: May 1, 2015, midnight
  • Length: 3:31
Show
View Real Time Build Order
Export as new Build Order

Javert Zerg 

Build Orders: Hatch First 

Get SALT Encoding   

  12  0:01  Drone  
  13  0:09  Drone  
  14  0:19  Overlord  
  14  0:38  Drone x3  
  17  0:49  Drone  
  18  1:00  Hatchery  
  17  1:07  Extractor  
  17  1:10  Spawning Pool  
  15  1:13  Drone  
  15  1:16  Drone  
  17  1:23  Drone  
  18  1:34  Drone  
  19  1:45  Drone  
  20  1:54  Overlord  
  20  1:57  Queen  
  22  2:08  Metabolic Boost  
  22  2:13  Queen  
  24  2:17  Zergling x6  
  27  2:25  Drone  
  28  2:33  Baneling Nest  
  27  2:40  Zergling x6  
  30  2:56  Zergling x6  
  30  2:58  Evolution Chamber  
  32  2:59  Overlord  
  32  3:10  Zergling x4  
Show
View Real Time Build Order
Export as new Build Order

lfighterCN Zerg - Winner!

Build Orders: Pool First 

Get SALT Encoding   

  12  0:01  Drone  
  13  0:08  Drone  
  14  0:17  Extractor  
  14  0:18  Drone  
  14  0:34  Spawning Pool  
  14  0:35  Drone  
  14  0:45  Extractor  
  14  0:46  Drone  
  14  0:49  Overlord  
  15  1:08  Drone x2  
  17  1:22  Queen  
  17  1:23  Metabolic Boost  
  17  1:25  Zergling x2  
  20  1:28  Zergling x2  
  21  1:34  Overlord  
  21  1:43  Baneling Nest  
  20  1:50  Zergling x2  
  21  1:57  Zergling x2  
  22  2:02  Zergling x2  
  23  2:13  Zergling x2  
  24  2:25  Zergling x2  
  25  2:31  Overlord, Zergling x2  
  25  2:32  Zergling x4  
  25  2:34  Baneling x4  
  28  2:40  Zergling x2  
  29  2:52  Zergling x2  
  30  2:59  Zergling x2  
  30  3:04  Hatchery  
  30  3:12  Zergling x6  
Tags
 
Add a new tag
Caveats
  • Supply blocks, unpowered buildings, or Contaminate may cause inaccurate times.
  • Supply counts are checked every 10 seconds.